 Dungeon Crawl Stone Soup version 0.27.1-33-g824d729ab1 (webtiles) character file.

Game seed: 218954018272057319

9163 LLlMATKO the Basher (level 11, 0/99 HPs)
             Began as a Minotaur Berserker on Dec 29, 2021.
             Was a High Priest of Trog.
             Killed from afar by a rime drake (7 damage)
             ... with a flash freeze
             ... on level 11 of the Dungeon.
             The game lasted 00:14:00 (12057 turns).

LLlMATKO the Basher (Minotaur Berserker)           Turns: 12057, Time: 00:14:01

Health: 0/99       AC: 17    Str: 23    XL:     11   Next: 19%
Magic:  10/10      EV:  9    Int:  4    God:    Trog [*****.]
Gold:   542        SH: 18    Dex: 12    Spells: 10/10 levels left

rFire    . . .     SeeInvis .   k - +3 flail
rCold    . . .     Faith    .   y - +1 kite shield
rNeg     . . .     Spirit   .   m - +0 plate armour
rPois    .         Reflect  +   (helmet restricted)
rElec    .         Harm     .   (no cloak)
rCorr    .         Rampage  .   x - +0 pair of gloves
Will     .....                  j - +0 pair of boots
Stlth    ..........             C - amulet of reflection
HPRegen  0.26/turn              (no ring)
MPRegen  0.12/turn              (no ring)

@: on berserk cooldown, slowed, very slow
A: horns 2, retaliatory headbutt
a: Renounce Religion, Berserk, Trog's Hand, Brothers in Arms


You were on level 11 of the Dungeon.
You worshipped Trog.
Trog was extremely pleased with you.
You visited 1 branch of the dungeon, and saw 11 of its levels.

You collected 542 gold pieces.

Inventory:

Hand Weapons
 k - a +3 flail (weapon)
 p - a +1 whip of draining
 D - a +2 mace of protection
Missiles
 o - 142 bolts
 r - 10 javelins (quivered)
Armour
 j - a +0 pair of boots (worn)
 m - a +0 plate armour (worn)
 x - a +0 pair of gloves (worn)
 y - a +1 kite shield (worn)
Jewellery
 d - an amulet of the acrobat
 u - a ring of magical power
 C - an amulet of reflection (around neck)
 F - a ring of flight
Wands
 a - a wand of polymorph (11)
 v - a wand of paralysis (8)
 z - a wand of iceblast (36)
 B - a wand of digging (5)
 E - a wand of acid (10)
Scrolls
 b - 2 scrolls of blinking
 f - a scroll of enchant armour
 g - 2 scrolls of identify
 i - 2 scrolls of enchant weapon
 t - 4 scrolls of teleportation
 A - 2 scrolls of fog
 G - a scroll of magic mapping
Potions
 c - 2 potions of heal wounds
 e - a potion of ambrosia
 h - a potion of resistance
 n - 6 potions of curing
 q - a potion of flight
 w - 2 potions of haste


   Skills:
 + Level 10.1 Fighting
 + Level 10.2 Maces & Flails
 + Level 9.8 Armour
 + Level 9.0 Dodging
 + Level 9.0 Shields


You had 10 spell levels left.
You didn't know any spells.
Your spell library was empty.

Dungeon Overview and Level Annotations

Branches:
Dungeon (11/15)            Temple (0/1) D:7            Lair (0/6) D:8
    Orc (0/2) D:10

Altars:
Ashenzari
Fedhas
Gozag

Shops:
D:4 [


Innate Abilities, Weirdness & Mutations

You have a pair of horns on your head.
You reflexively headbutt those who attack you in melee.


Message History

You hit the orc warrior.
The orc warrior is heavily wounded.
You block the rime drake's attack.
The orc warrior hits you with a +0 glaive!
Something hits you but does no damage.
Unknown command.
You sock the orc warrior!
You kill the orc warrior!
Trog accepts your kill. The rime drake bites you. You block something's attack.
The rime drake bites you but does no damage.
Something hits you but does no damage.
You miss something. Your headbutt misses something.
You block the rime drake's attack.
You hear some strange, mumbled words.
A puff of flame appears from out of thin air!
The puff of flame hits you. You block the rime drake's attack.
You hit something. You headbutt something! Trog accepts your kill.
Trog appreciates your killing of a magic user.
Reactivating autopickup.
You feel a bit more experienced. The rime drake breathes ice at you.
The flash freeze hits you!!
* * * LOW HITPOINT WARNING * * *
You are encased in ice.
The rime drake bites you but does no damage.
You hit the rime drake. You headbutt the rime drake!
The rime drake is severely wounded.
You block the rime drake's attack. The rime drake misses you.
You hit the rime drake but do no damage.
You headbutt the rime drake.
The rime drake is severely wounded.
The ice encasing you melts away. You block the rime drake's attack. x2
You miss the rime drake.
The rime drake is severely wounded.
The rime drake breathes ice at you. The flash freeze hits you!
You die...

********+** *,* ****,<* *,*
***,,,,** *,, *,,,**** ***
##+##########**###******
#...........##...?,,,,,,
#................,,,,,,,
****#.....)))....#,,,,,,,,,,
**,,≈......k@..<.#*,<,,,,,,,,
**,,,,#≈######+####****,******
**,,*,,≈*≈****,,* *,***
*,,≈*,,,≈*,**,,** *,,,*
*,,≈*,,,,,≈**,** ***,*
*,,≈*∩,,,,,,,,* *,****
*,,≈*****,,,*** *,,,,,
*,*≈≈≈≈≈,,+******* ******,
*,**,,,,,,,,,,,,,******
*,,,,,,


You could see a rime drake (catching breath).

Vanquished Creatures
  2 two-headed ogres
  A komodo dragon (D:10)
  3 hornets
  A shadow (D:6)
  A centaur simulacrum (D:10)
  A wyvern (D:10)
  4 yaks (D:10)
  2 steam dragons (D:7)
  2 vampire mosquitoes (D:6)
  An acid dragon (D:6)
  4 water moccasins
  2 black bears
  3 ice beasts
  2 sky beasts
  A necrophage (D:7)
  4 ogres
  9 orc warriors
  5 centaurs
  3 kobold brigands (D:9)
  3 bullfrogs
  2 scorpions
  A gnoll sergeant (D:8)
  2 water moccasin zombies
  A wyvern skeleton (D:5)
  5 killer bees (D:8)
  A howler monkey (D:10)
  5 wights (D:7)
  A bullfrog zombie (D:5)
  2 centaur zombies
  3 hounds
  A jelly (D:4)
  A bullfrog skeleton (D:5)
  10 orc priests
  3 centaur skeletons
  Jessica (D:2)
  4 iguanas
  11 orc wizards
  A killer bee zombie (D:9)
  2 hound skeletons (D:4)
  2 howler monkey zombies
  5 gnolls (D:8)
  A howler monkey skeleton (D:7)
  11 adders
  A shadow imp (D:6)
  3 white imps (D:7)
  An ufetubus (D:7)
  An adder skeleton (D:4)
  2 worms
  7 dart slugs
  27 orcs
  12 ball pythons
  3 endoplasms
  4 giant cockroaches
  7 goblins
  4 hobgoblins
  9 jackals
  5 quokkas
  4 bats (D:1)
  3 frilled lizards
  18 kobolds
  4 rats
245 creatures vanquished.

Vanquished Creatures (others)
  2 plants
2 creatures vanquished.

Grand Total: 247 creatures vanquished

Notes
Turn   | Place    | Note
-------+----------+-------------------------------------------
     0 | D:1      | LLlMATKO the Minotaur Berserker began the quest for the
                  | Orb.
     0 | D:1      | Reached XP level 1. HP: 19/19 MP: 0/0
   199 | D:1      | Reached XP level 2. HP: 27/27 MP: 1/1
   520 | D:1      | Reached XP level 3. HP: 28/33 MP: 2/2
   891 | D:2      | Found a broken altar of Ashenzari.
  1008 | D:2      | Noticed Jessica
  1014 | D:2      | Killed Jessica
  1017 | D:2      | Reached ** piety under Trog
  1018 | D:2      | Reached XP level 4. HP: 40/40 MP: 3/3
  1705 | D:3      | Found an opulent altar of Gozag.
  2029 | D:3      | Reached XP level 5. HP: 41/47 MP: 4/4
  2593 | D:4      | Noticed an ogre
  2601 | D:4      | Killed an ogre
  2602 | D:4      | Reached skill level 5 in Maces & Flails
  2602 | D:4      | Reached skill level 1 in Shields
  2709 | D:4      | Reached skill level 5 in Fighting
  2709 | D:4      | Reached XP level 6. HP: 56/56 MP: 5/5
  2737 | D:4      | Reached *** piety under Trog
  2869 | D:4      | Noticed an ice beast
  2886 | D:4      | Killed an ice beast
  2965 | D:4      | Found Kesiste's Armour Shoppe.
  3057 | D:4      | Reached XP level 7. HP: 61/61 MP: 6/6
  3754 | D:5      | Entered Level 5 of the Dungeon
  3781 | D:5      | Reached skill level 5 in Armour
  4083 | D:5      | Reached skill level 5 in Dodging
  4269 | D:5      | Reached XP level 8. HP: 68/70 MP: 7/7
  5011 | D:6      | Reached **** piety under Trog
  5022 | D:6      | Reached skill level 5 in Shields
  5436 | D:6      | Reached XP level 9. HP: 41/79 MP: 8/8
  6853 | D:7      | Reached XP level 10. HP: 90/90 MP: 9/9
  7141 | D:7      | Found a staircase to the Ecumenical Temple.
  7295 | D:7      | Found a blossoming altar of Fedhas.
  7818 | D:8      | Found a staircase to the Lair.
  8480 | D:9      | Noticed a two-headed ogre
  8527 | D:8      | Killed a two-headed ogre
  8737 | D:9      | Reached ***** piety under Trog
 10038 | D:10     | Entered Level 10 of the Dungeon
 10758 | D:10     | Reached skill level 10 in Maces & Flails
 10761 | D:10     | Reached XP level 11. HP: 99/99 MP: 10/10
 10872 | D:10     | Found a staircase to the Orcish Mines.
 11804 | D:10     | Reached skill level 10 in Fighting
 12027 | D:11     | Noticed a two-headed ogre
 12036 | D:11     | Killed a two-headed ogre
 12057 | D:11     | Killed from afar by a rime drake

Illustrated notes

Levels and vault maps discovered:
D:1:      ncdulo_smallfort, layout_basic, chequers_serial_rivers_small_3,
          minmay_misc_feat_secret_circle
D:2:      layout_rooms, basic_altar, serial_bayou, serial_bayou_pond_d,
          serial_bayou_pond_c, serial_bayou_pond_a, serial_bayou_pond_d,
          minmay_misc_feat_room, due_unseen_surprise, uniq_jessica
D:3:      layout_basic, nicolae_gozag_seed_capital, kennysheep_another_room
D:4:      layout_layer_cave, nicolae_inconvenience_store, kennysheep_potato
D:5:      layout_loops_ring
D:6:      layout_rooms, minmay_chambers_of_fives
D:7:      cheibrodos_steamvent, layout_rooms, minmay_temple_entry_arrows,
          minivault_22, dk_noncrumbling_3, minmay_ruined_shrine
D:8:      layout_rooms, dpeg_oklobed_lair
D:9:      layout_stronghold, hangedman_decor_lopped
D:10:     layout_layer_cave, david_orc_1_choice
D:11:     layout_roguey, portal_ice_cave_rime, serial_shops, shop

Skill      XL: |  1  2  3  4  5  6  7  8  9 10 11 |
---------------+----------------------------------+-----
Maces & Flails | 4 5 6 7 8 10 | 10.2
Fighting       | 4 5 6 7 8 9 10 | 10.1
Armour         | 3 4 5 6 8 9 |  9.8
Dodging        | 3 4 5 6 7 8 9 |  9.0
Shields        | 1 2 4 5 7 8 9 |  9.0

Action                   |  1- 3 |  4- 6 |  7- 9 | 10-12 || total
-------------------------+-------+-------+-------+-------++-------
Melee: Mace              |    50 |    54 |       |       ||   104
       Headbutt          |     5 |    28 |    63 |    70 ||   166
       Whip              |       |    76 |   355 |       ||   431
       Flail             |       |       |       |   303 ||   303
Invok: Berserk           |     1 |       |     7 |     6 ||    14
  Use: Scroll            |       |       |    10 |    13 ||    23
       Potion            |       |       |     1 |       ||     1
 Stab: Distracted        |     1 |       |       |       ||     1
       Sleeping          |       |     1 |       |       ||     1
Armor: Animal skin       |     9 |    22 |       |       ||    31
       Chain mail        |       |    22 |   159 |       ||   181
       Plate armour      |       |       |       |   145 ||   145
Dodge: Dodged            |    41 |    95 |   129 |   104 ||   369
Block: Buckler           |       |    12 |    16 |       ||    28
       Kite shield       |       |       |   135 |   249 ||   384
